 Dungeon Crawl Stone Soup version 0.30.0-13-g156ef70053 (webtiles) character file.

Game seed: 14272093673298659670

66771 browni3141 the Peltast (level 14, -18/129 HPs)
             Began as a Minotaur Fighter on May 17, 2023.
             Was a High Priest of Okawaru.
             Demolished by an ogre
             ... wielding a +0 giant club
              (24 damage)
             ... on level 1 of the Orcish Mines.
             The game lasted 00:15:08 (20373 turns).

browni3141 the Peltast (Minotaur Fighter)          Turns: 20373, Time: 00:15:08

Health: -18/129    AC:  0    Str: 23    XL:     14   Next: 80%
Magic:  0/13       EV: 29    Int:  5    God:    Okawaru [*****.]
Gold:   440        SH:  0    Dex: 18    Spells: 13/13 levels left

rFire   . . .        n - melded +0 broad axe (spect)
rCold   . . .        g - melded +4 tower shield of Tiratysk {*Corrode rPois Int+6}
rNeg    . . .        Q - melded +18 Lear's hauberk
rPois   .            (helmet currently unavailable)
rElec   .            B - melded +0 cloak
rCorr   .            (gloves currently unavailable)
SInv    .            (boots currently unavailable)
Will    +....        V - amulet of guardian spirit
Stlth   ++           x - melded +6 ring of strength
HPRegen 0.41/turn    l - melded ring of Ru's Regard {Wiz rF- Int+3 Dex+8 SInv}
MPRegen 0.13/turn

%: guardian spirit
@: bat-form, flying, studying Fire Magic, very quick
A: fast, flying, no casting, tiny, (horns 2), (retaliatory headbutt)
a: Renounce Religion, Heroism, Finesse, Duel


You were on level 1 of the Orcish Mines.
You worshipped Okawaru.
Okawaru was extremely pleased with you.
You were a bat.
You visited 4 branches of the dungeon, and saw 20 of its levels.
You also visited: Ossuary.

You collected 2062 gold pieces.
You spent 1622 gold pieces at shops.

Inventory:

Hand Weapons
 a - a +0 war axe
 b - a +5 broad axe of freezing
 n - a +0 spectral broad axe (melded)
Missiles
 m - 2 silver javelins
 J - 10 javelins
 M - a curare-tipped dart
 Z - a throwing net
Armour
 c - a +0 buckler
 g - the +4 tower shield of Tiratysk (melded) {*Corrode rPois Int+6}
   (Okawaru gifted it to you on level 1 of the Lair of Beasts)

   Int:       It affects your intelligence (+6).
   rPois:     It protects you from poison.
   *Corrode:  It may corrode you when you take damage.
 v - a +0 tower shield
 B - a +0 cloak (melded)
 Q - the +18 Lear's hauberk (melded)
   (You found it on level 3 of the Dungeon)
Jewellery
 d - a ring of positive energy
 e - a +6 ring of dexterity
 l - the ring of Ru's Regard (melded) {Wiz rF- Int+3 Dex+8 SInv}
   (You bought it in a shop on level 2 of the Orcish Mines)

   [ring of wizardry]

   It improves your spell success rate.
   Int:       It affects your intelligence (+3).
   Dex:       It affects your dexterity (+8).
   rF:        It makes you vulnerable to fire.
   SInv:      It lets you see invisible.
 w - a ring of fire
 x - a +6 ring of strength (melded)
 H - an amulet of magic regeneration
 S - a ring of willpower
 T - a ring of positive energy
 V - an amulet of guardian spirit (around neck)
Wands
 j - a wand of mindburst (24)
 k - a wand of digging (11)
 I - a wand of iceblast (25)
 P - a wand of paralysis (27)
Scrolls
 o - 6 scrolls of immolation
 p - 7 scrolls of amnesia
 r - 4 scrolls of identify
 u - 4 scrolls of fear
 y - 2 scrolls of magic mapping
 D - 6 scrolls of noise
 E - 4 scrolls of enchant armour
 F - 3 scrolls of fog
 G - 3 scrolls of butterflies
 K - 8 scrolls of teleportation
 N - 4 scrolls of poison
 O - 4 scrolls of vulnerability
Potions
 f - a potion of ambrosia
 h - 6 potions of haste
 i - 3 potions of invisibility
 q - a potion of brilliance
 s - 3 potions of degeneration
 t - 4 potions of resistance
 z - 3 potions of mutation
 A - 5 potions of berserk rage
 C - 12 potions of curing
 L - 3 potions of lignification
 U - 2 potions of flight {unknown}
 W - 5 potions of heal wounds {unknown}
 X - 2 potions of cancellation {unknown}
 Y - 3 potions of attraction {unknown}
Miscellaneous
 R - a condenser vane


   Skills:
 + Level 13.6 Fighting
 + Level 13.3 Axes
 + Level 13.6 Armour
 + Level 12.0 Dodging
 * Level 18.2 Shields


You had 13 spell levels left.
You didn't know any spells.
Your spell library contained the following spells:

 Spells                   Type           Power      Damage    Failure   Level
 Apportation              Tloc           0%         N/A       47%         1
 Foxfire                  Conj/Fire      0%         2x1d4     47%         1
 Magic Dart               Conj           0%         1d3       47%         1
 Necrotise                Necr           0%         1d4       47%         1
 Blink                    Tloc           0%         N/A       63%         2
 Cigotuvi's Dreadful Rot  Necr/Pois/Air  0%         N/A       63%         2
 Ensorcelled Hibernation  Hex/Ice        0%         N/A       63%         2
 Lesser Beckoning         Tloc           0%         N/A       63%         2
 Momentum Strike          Conj/Tloc      0%         3d8       63%         2
 Passwall                 Tmut/Erth      0%         N/A       63%         2
 Poisonous Vapours        Pois/Air       0%         N/A       63%         2
 Searing Ray              Conj           0%         2d4       63%         2
 Gell's Gravitas          Tloc           0%         N/A       85%         3
 Ignite Poison            Fire/Tmut/Pois 0%         N/A       85%         3
 Mephitic Cloud           Conj/Pois/Air  0%         N/A       85%         3
 Spider Form              Tmut/Pois      0%         N/A       85%         3
 Swiftness                Air            0%         N/A       85%         3
 Teleport Other           Tloc           0%         N/A       85%         3
 Anguish                  Hex/Necr       0%         N/A       99%         4
 Fulminant Prism          Conj/Hex       0%         3d5       99%         4
 Fireball                 Conj/Fire      0%         3d3       100%        5
 Freezing Cloud           Conj/Ice/Air   0%         6-21      100%        5
 Dispersal                Tloc           0%         N/A       100%        6
 Plasma Beam              Fire/Air       0%         2x1d11    100%        6
 Starburst                Conj/Fire      0%         6d3       100%        6
 Summon Small Mammal      Summ           Unusable   N/A       N/A         1
 Call Imp                 Summ           Unusable   N/A       N/A         2

Dungeon Overview and Level Annotations

Branches:
Dungeon (12/15)            Temple (1/1) D:6            Lair (5/5) D:9
 Shoals (0/4) Lair:2       Spider (0/4) Lair:2        Slime (0/5) Lair:5
    Orc (2/2) D:11            Elf (0/3) Orc:2       Ossuary (visited)

Altars:
Ashenzari
Cheibriados
Dithmenos
Elyvilon
Fedhas
Gozag
Hepliaklqana
Kikubaaqudgha
Makhleb
Nemelex Xobeh
Okawaru
Qazlal
Ru
Sif Muna
Trog
Uskayaw
Vehumet
Wu Jian
Xom
Yredelemnul
Zin
The Shining One

Shops:
Orc:2 !(=([

Annotations:
Orc:1 Maurice


Innate Abilities, Weirdness & Mutations

You are a bat.
You are tiny and dextrous.
You move quickly.
You are flying.
Your equipment is almost entirely melded.
You are incapable of wielding weapons or throwing items.
You cannot cast spells.
((You have a pair of horns on your head.))
((You reflexively headbutt those who attack you in melee.))


Message History

The orc misses you.
You barely miss the orc knight.
The orc knight is lightly wounded.
The ogre completely misses you.
You barely miss the orc knight.
The orc knight is lightly wounded.
Maurice casts a spell.
Maurice puts on a burst of speed!
The orc priest closely misses you. The orc barely misses you.
The orc wizard hits you with a +0 dagger.
You barely miss the orc knight.
The orc knight is lightly wounded.
The ogre misses you. The orc priest misses you.
The orc warrior completely misses you. The orc misses you.
You closely miss the orc knight.
The orc knight is lightly wounded.
The orc priest calls upon Beogh to heal the orc knight.
The orc knight is healed somewhat.
The orc knight completely misses you. The orc barely misses you.
The orc warrior completely misses you. The orc misses you.
You hit the orc knight but do no damage.
The orc knight is lightly wounded.
Maurice completely misses you. The ogre completely misses you.
You hit the orc knight but do no damage.
The orc knight is lightly wounded.
The orc warrior hits you with a +0 mace!
The orc priest miscasts a cantrip.
The orc completely misses you. The orc knight barely misses you.
The orc misses you.
The orc wizard hits you with a +0 dagger.
Maurice closely misses you.
You hit the orc knight but do no damage.
The orc knight is lightly wounded.
The orc warrior hits you with a +0 mace!
The orc completely misses you. The orc wizard completely misses you.
The ogre misses you.
The orc priest invokes the aid of Beogh against you.
Beogh smites you! The orc hits you with a +0 dagger.
The orc knight hits you with a +0 battleaxe!!
You hit the orc knight.
The orc knight is lightly wounded.
Maurice casts a spell.
Maurice blinks!
The orc priest completely misses you. The orc completely misses you.
The orc knight barely misses you. The orc wizard completely misses you.
The orc warrior barely misses you. The orc closely misses you.
You hit the orc knight but do no damage.
The orc knight is lightly wounded.
The orc no longer looks unusually strong.
The ogre completely misses you.
You hit the orc knight but do no damage.
The orc knight is lightly wounded.
The orc wizard no longer looks unusually strong.
The orc warrior completely misses you. The orc priest completely misses you.
The orc completely misses you. The orc knight barely misses you.
The orc completely misses you. The orc wizard completely misses you.
You hit the orc knight but do no damage.
The orc knight is lightly wounded.
The orc warrior misses you. The orc barely misses you.
The orc wizard casts a spell.
The orc wizard flickers and vanishes!
Deactivating autopickup; reactivate with Ctrl-A.
The ogre completely misses you. The orc priest completely misses you.
The orc misses you.
The orc knight roars a battlecry!
The orc goes into a battle-frenzy!
You hit the orc knight.
The orc knight is lightly wounded.
The orc priest hits you with a +0 club. The orc misses you.
The orc knight hits you with a +0 battleaxe!
Something hits you. The orc warrior completely misses you.
The orc hits you with a +0 whip.
You hit the orc knight but do no damage.
The orc knight is lightly wounded.
The ogre misses you.
You hit the orc knight.
The orc knight is lightly wounded.
The orc priest no longer looks unusually strong.
The orc warrior hits you with a +0 mace.
The orc priest closely misses you. The orc misses you.
The orc knight closely misses you. The orc completely misses you.
You hear some strange, mumbled words.
Something tries to affect you, but you resist.
You hit the orc knight but do no damage.
The orc knight is lightly wounded.
The orc warrior misses you. The orc closely misses you.
Something closely misses you. The ogre closely misses you.
The orc priest completely misses you. The orc completely misses you.
The orc knight roars a battlecry!
The orc priest goes into a battle-frenzy!
You hit the orc knight but do no damage.
The orc knight is lightly wounded.
You hit the orc knight but do no damage.
The orc knight is lightly wounded.
The orc warrior no longer looks unusually strong.
The orc warrior completely misses you. The orc priest completely misses you.
The orc knight misses you. The orc completely misses you.
The orc barely misses you. Something hits you.
The ogre hits you with a +0 giant club!!
You die...

##... ...# ####...
#.$.. ... ##..# #....
..## #.... #....##...#
##... #.......##
###.... ##........###
##......
#....>......###....##.
#....Oo.......##.### #
##..{bo...........##
#...ooo##..........#
##...o@##....#.##.##
#.....#........###
#..............#
...........#...#
#.....$.$..#.#.##
##............## ...
..#


You could see an orc knight, Maurice (swift), an orc warrior, an ogre, 2 orc
priests and 2 orcs.

Vanquished Creatures
  Gastronok (Lair:3)
  An orc warlord (Orc:2)
  The ghost of elongatedgoose the Fighter, a journeyman DsGl of Hepliaklqana (Lair:4)
  2 dire elephants (Lair:5)
  2 hydras
  Erolcha (D:9)
  A boulder beetle (D:11)
  3 two-headed ogres
  Urug (Orc:1)
  13 death yaks
  Nergalle (Orc:1)
  A spectral death yak (Lair:5)
  A spectral anaconda (Lair:5)
  3 skysharks
  An obsidian statue (Lair:5)
  8 orc knights (Orc:2)
  A deep elf pyromancer (D:11)
  4 necromancers (Lair:5)
  2 oklob plants (Lair:5)
  An ugly thing (D:11)
  An orc sorcerer (Orc:1)
  4 cyclopes
  7 elephants (Lair:5)
  A black mamba (Lair:4)
  A dire elephant zombie (Lair:5)
  7 cane toads
  A dire elephant skeleton (Lair:5)
  A torpor snail (Lair:3)
  7 komodo dragons
  6 rime drakes
  2 unseen horrors
  4 trolls
  2 polar bears
  9 blink frogs
  5 slime creatures (D:11)
  2 shadows
  2 jumping spiders (Lair:2)
  2 culicivoras (Lair:2)
  A dire elephant simulacrum (Lair:5)
  A wraith (D:11)
  54 yaks
  3 wyverns
  3 basilisks
  Grum (D:9)
  A steam dragon (D:9)
  A death yak simulacrum (Lair:5)
  4 redbacks (Lair:2)
  8 wargs
  A spectral cane toad (Lair:5)
  2 acid dragons
  11 water moccasins
  4 ogres
  45 orc warriors
  2 sky beasts
  9 centaurs
  2 elephant skeletons (Lair:5)
  17 wolves
  A phantom (D:6)
  3 kobold brigands
  15 bullfrogs
  2 gnoll sergeants
  A cane toad simulacrum (Lair:4)
  2 scorpions (D:6)
  13 wights
  A lindwurm simulacrum (Lair:4)
  2 blink frog simulacra (Lair:4)
  An elephant simulacrum (Lair:5)
  12 killer bees
  A dream sheep simulacrum (Lair:4)
  5 howler monkeys
  An electric eel (Lair:1)
  2 jellies
  4 hounds
  Crazy Yiuf (D:3)
  10 orc priests
  4 iguanas
  25 orc wizards
  Ijyb (D:3)
  2 hell rats (Lair:2)
  3 mummies (Ossuary)
  8 adders
  17 gnolls
  8 river rats (Lair:2)
  3 shadow imps
  2 white imps (D:6)
  2 ufetubi (D:6)
  4 adder zombies (Ossuary)
  3 dart slugs
  105 orcs
  4 bats
  8 endoplasms
  4 giant cockroaches
  17 goblins
  16 hobgoblins
  3 jackals (D:1)
  15 kobolds
  3 quokkas
  8 ball pythons
  6 frilled lizards
  3 goblin zombies (Ossuary)
  5 kobold zombies (Ossuary)
  3 quokka zombies (Ossuary)
  5 rats
  3 rat zombies (Ossuary)
650 creatures vanquished.

Vanquished Creatures (others)
  An orc wizard (D:11)
  3 spectral weapons
4 creatures vanquished.

Grand Total: 654 creatures vanquished

Notes
Turn   | Place    | Note
-------+----------+-------------------------------------------
     0 | D:1      | browni3141 the Minotaur Fighter began the quest for the
                  | Orb.
     0 | D:1      | Reached XP level 1. HP: 19/19 MP: 0/0
   195 | D:1      | Reached XP level 2. HP: 27/27 MP: 1/1
   456 | D:1      | Reached XP level 3. HP: 29/33 MP: 2/2
   544 | D:1      | Reached skill level 4 in Shields
  1171 | D:2      | Reached skill level 3 in Axes
  1405 | D:2      | Reached XP level 4. HP: 40/40 MP: 3/3
  1751 | D:2      | You fall into a shaft and drop 1 floor!
  1796 | D:3      | Found a runed translucent door.
  1797 | D:3      | Noticed Crazy Yiuf
  1911 | D:3      | Noticed Ijyb
  1923 | D:3      | Killed Ijyb
  1974 | D:3      | Found a white marble altar of Elyvilon.
  2347 | D:3      | Noticed a kobold brigand
  2349 | D:3      | Reached XP level 5. HP: 46/46 MP: 4/4
  2375 | D:3      | Reached XP level 6. HP: 38/55 MP: 5/5
  2490 | D:3      | Found the +18 Lear's hauberk
  2702 | D:3      | Killed Crazy Yiuf
  2936 | D:4      | Identified the +0 ring mail of Leapfrog {Will++}
  3036 | D:4      | Reached skill level 5 in Shields
  3507 | D:4      | Found a blossoming altar of Fedhas.
  3585 | D:4      | Reached skill level 3 in Dodging
  3902 | D:5      | Entered Level 5 of the Dungeon
  4405 | D:5      | Found a sacrificial altar of Ru.
  4494 | D:5      | Reached XP level 7. HP: 61/61 MP: 6/6
  5160 | D:6      | Found a sand-covered staircase.
  5183 | Ossuary  | Entered an ossuary
  5263 | Ossuary  | Reached skill level 6 in Shields
  5362 | D:6      | Found a staircase to the Ecumenical Temple.
  5446 | D:6      | Noticed a troll
  5448 | D:6      | Found a shimmering altar of Xom.
  5621 | D:6      | Reached skill level 6 in Fighting
  5621 | D:6      | Reached skill level 6 in Armour
  5625 | D:6      | Killed a troll
  5626 | D:6      | Reached skill level 7 in Shields
  5626 | D:6      | Reached XP level 8. HP: 49/70 MP: 7/7
  5764 | D:6      | Found an ancient bone altar of Kikubaaqudgha.
  5926 | D:6      | Reached skill level 6 in Axes
  5934 | D:6      | Reached skill level 8 in Shields
  6037 | D:6      | Found a sparkling altar of Nemelex Xobeh.
  6042 | D:6      | Found a shadowy altar of Dithmenos.
  6318 | D:7      | Reached XP level 9. HP: 74/78 MP: 8/8
  6360 | Temple   | Entered the Ecumenical Temple
  6517 | Temple   | Became a worshipper of Warmaster Okawaru
  6660 | D:7      | Noticed a cacodemon
  6661 | D:7      | Found a burning altar of Makhleb.
  6665 | D:7      | Found a glowing silver altar of Zin.
  6665 | D:7      | Noticed an angel
  6888 | D:7      | Noticed a cyclops
  6897 | D:7      | Killed a cyclops
  6897 | D:7      | Reached * piety under Okawaru
  6898 | D:7      | Reached skill level 9 in Shields
  7129 | D:7      | Reached skill level 6 in Dodging
  7231 | D:7      | Reached skill level 10 in Shields
  8245 | D:8      | Reached XP level 10. HP: 68/88 MP: 9/9
  8248 | D:8      | Reached ** piety under Okawaru
  8825 | D:9      | Noticed Grum
  8839 | D:9      | Reached skill level 11 in Shields
  8847 | D:9      | Killed Grum
  8966 | D:9      | Noticed Erolcha
  8974 | D:9      | Killed Erolcha
  8974 | D:9      | Reached *** piety under Okawaru
  9074 | D:9      | Reached skill level 9 in Fighting
  9074 | D:9      | Reached skill level 9 in Armour
  9084 | D:9      | Found a staircase to the Lair.
  9682 | D:10     | Entered Level 10 of the Dungeon
  9757 | D:10     | Reached XP level 11. HP: 91/97 MP: 10/10
  9757 | D:10     | Reached **** piety under Okawaru
  9760 | D:10     | Reached skill level 12 in Shields
  9807 | D:10     | Reached skill level 9 in Axes
  9860 | D:10     | Received a gift from Okawaru
 10241 | D:10     | Found a stormy altar of Qazlal.
 10519 | D:11     | Noticed a two-headed ogre
 10529 | D:11     | Killed a two-headed ogre
 10810 | D:11     | Noticed a cyan ugly thing
 10816 | D:11     | Killed a cyan ugly thing
 10931 | D:11     | Noticed a deep elf pyromancer
 10939 | D:11     | Killed a deep elf pyromancer
 11018 | D:11     | Noticed a boulder beetle
 11042 | D:11     | Killed a boulder beetle
 11054 | D:11     | Noticed a two-headed ogre
 11058 | D:11     | Reached skill level 13 in Shields
 11088 | D:11     | Killed a two-headed ogre
 11088 | D:11     | Reached ***** piety under Okawaru
 11226 | D:11     | Found a staircase to the Orcish Mines.
 11796 | D:12     | Noticed a two-headed ogre
 11806 | D:12     | Killed a two-headed ogre
 11978 | D:12     | Reached XP level 12. HP: 92/107 MP: 11/11
 12043 | Lair:1   | Entered Level 1 of the Lair of Beasts
 12064 | Lair:1   | Reached skill level 9 in Dodging
 12298 | Lair:1   | Reached skill level 14 in Shields
 12615 | Lair:1   | Reached ****** piety under Okawaru
 12618 | Lair:1   | Identified the +4 tower shield of Tiratysk {*Corrode rPois
                  | Int+6} (Okawaru gifted it to you on level 1 of the Lair of
                  | Beasts)
 12618 | Lair:1   | Received a gift from Okawaru
 13048 | Lair:1   | Noticed an eight-headed hydra
 13058 | Lair:1   | Killed a 13-headed hydra
 13450 | Lair:2   | Found a hole to the Spider Nest.
 13625 | Lair:2   | Reached skill level 15 in Shields
 14037 | Lair:2   | Found a staircase to the Shoals.
 14812 | Lair:3   | Noticed Gastronok
 14831 | Lair:3   | Killed Gastronok
 14832 | Lair:3   | Reached XP level 13. HP: 113/116 MP: 8/12
 15830 | Lair:4   | Received a gift from Okawaru
 15831 | Lair:4   | Reached skill level 12 in Armour
 15964 | Lair:4   | Reached skill level 12 in Fighting
 15964 | Lair:4   | Reached skill level 16 in Shields
 16103 | Lair:4   | Noticed elongatedgoose's ghost (journeyman DsGl)
 16158 | Lair:4   | Found a runed translucent gate.
 16158 | Lair:4   | Found a runed translucent gate.
 16158 | Lair:4   | Found a runed translucent gate.
 16454 | Lair:4   | Killed elongatedgoose's ghost
 16470 | Lair:4   | Reached skill level 12 in Axes
 16564 | Lair:5   | Entered Level 5 of the Lair of Beasts
 16641 | Lair:5   | Found a staircase to the Slime Pits.
 16644 | Lair:5   | Received a gift from Okawaru
 16851 | Lair:5   | Noticed a dire elephant
 16851 | Lair:5   | Noticed a dire elephant
 16881 | Lair:5   | Identified the +2 buckler of Midwinter {Fly} (Okawaru
                  | gifted it to you on level 5 of the Lair of Beasts)
 16881 | Lair:5   | Received a gift from Okawaru
 16882 | Lair:5   | Reached skill level 17 in Shields
 16882 | Lair:5   | Reached XP level 14. HP: 81/127 MP: 6/13
 18686 | Orc:1    | Entered Level 1 of the Orcish Mines
 18686 | Orc:1    | Noticed Urug
 18696 | Orc:1    | Killed Urug
 18705 | Orc:1    | Noticed Nergalle
 18714 | Orc:1    | Killed Nergalle
 18912 | Orc:1    | You fall into a shaft and drop 1 floor!
 18912 | Orc:2    | Entered Level 2 of the Orcish Mines
 19045 | Orc:2    | Received a gift from Okawaru
 19374 | Orc:2    | Found Ukiah's Jewellery Emporium.
 19374 | Orc:2    | Found Qaofez's Weapon Boutique.
 19400 | Orc:2    | Reached skill level 18 in Shields
 19456 | Orc:2    | Bought the ring of Ru's Regard {Wiz rF- Int+3 Dex+8 SInv}
                  | for 974 gold pieces
 19477 | Orc:2    | Found a staircase to the Elven Halls.
 19578 | Orc:2    | Noticed an orc warlord
 19627 | Orc:2    | Killed an orc warlord
 19705 | Orc:2    | Found Zaustrues's Distillery.
 19857 | Orc:2    | Bought a potion of haste for 180 gold pieces
 19857 | Orc:2    | Bought a potion of curing for 54 gold pieces
 19857 | Orc:2    | Bought a potion of resistance for 180 gold pieces
 19857 | Orc:2    | Bought a potion of curing for 54 gold pieces
 19857 | Orc:2    | Bought 2 potions of berserk rage for 180 gold pieces
 20132 | Orc:2    | Found Cosaxiro's Antique Weapon Boutique.
 20139 | Orc:2    | Reached skill level 12 in Dodging
 20272 | Orc:2    | Found Jiveses's Antique Armour Emporium.
 20348 | Orc:1    | Noticed Maurice
 20373 | Orc:1    | HP: 6/129 [something (2)]
 20373 | Orc:1    | Demolished by an ogre

Illustrated notes

Levels and vault maps discovered:
D:1:      dpeg_arrival_chambers_temple_mockup, layout_basic,
          serial_bayou_crossing
D:2:      layout_loops_cross, hangedman_decor_opposing, dk_vineyard_3,
          st_stairs_5, minmay_increasing_density
D:3:      cheibrodos_thug_alley, layout_loops_ring, elyvilon_altar_4,
          uniq_crazy_yiuf_cottage, uniq_ijyb
D:4:      layout_basic, fedhas_altar_1
D:5:      corexii_shantytown, layout_loops_ring, kennysheep_little_box,
          dreamdust_wishing_well
D:6:      minmay_evil_eye, layout_loops_ring, kiku_gazebo_pond_becter,
          mainiacjoe_overflow_catwalk, grunt_dithmenos_shadows,
          xom_confusion_cloud, minmay_temple_entry_statues, enter_ossuary_2
D:7:      layout_layer_cave, grunt_temple_overflow_order_and_chaos_2
D:8:      layout_cave_pools, minivault_21, dk_noncrumbling_2,
          due_unseen_surprise
D:9:      layout_loops_ring, dpeg_oklobed_lair, uniq_erolcha, uniq_grum
D:10:     layout_roguey, lemuel_doored_altar, minivault_25
D:11:     layout_loops_cross, orc_0_dummy
D:12:     layout_cave_pods, nicolae_uskayaw_dance_hall
Temple:   hellmonk_temple_forest_ring
Lair:1:   layout_cave_pods, serial_bayou_ford_a, minivault_26
Lair:2:   layout_cave_pods, shoals_dummy_entry,
          nicolae_spider_entry_tight_spaces, kennysheep_rathole,
          grunt_megastairs_2
Lair:3:   layout_gridlike, st_stairs_12, ldierk_geyser, grunt_megastairs_3,
          uniq_gastronok
Lair:4:   layout_hall_layers, gammafunk_ghost_icy, grunt_megastairs_4,
          lemuel_fruit_tree
Lair:5:   due_jungle_book, layout_big_grid, minmay_slime_entry_oklob_open
Orc:1:    layout_caves, uniq_nergalle, uniq_urug, uniq_maurice
Orc:2:    st_orc_town, layout_diamond_mine, serial_shops,
          nicolae_shop_hallway_stairs

Skill      XL: |  1  2  3  4  5  6  7  8  9 10 11 12 13 14 |
---------------+-------------------------------------------+-----
Dodging        | 1 2 3 4 5 6 7 8 10 11 12 | 12.0
Fighting       | 4 5 6 8 9 10 11 12 13 | 13.6
Armour         | 4 5 6 7 8 9 10 11 12 13 | 13.6
Shields        | 4 5 7 8 10 11 13 15 17 18 | 18.2
Axes           | 3 4 5 6 7 8 10 11 12 13 | 13.3

Action                     |  1- 3 |  4- 6 |  7- 9 | 10-12 | 13-15 || total
---------------------------+-------+-------+-------+-------+-------++-------
  Melee: War axe           |    77 |   150 |   280 |   664 |    82 ||  1253
         Headbutt          |     9 |    32 |    58 |   150 |   141 ||   390
         Broad axe         |       |       |       |       |   467 ||   467
         Unarmed           |       |       |       |       |    22 ||    22
  Throw: Javelin           |       |       |       |    10 |     9 ||    19
         Dart              |       |       |       |     3 |     1 ||     4
 Invoke: Heroism           |       |       |       |     7 |     5 ||    12
         Finesse           |       |       |       |       |     1 ||     1
  Evoke: Wand              |       |       |       |       |     6 ||     6
         Condenser vane    |       |       |       |       |     1 ||     1
    Use: Potion            |       |       |     1 |       |       ||     1
         Scroll            |       |       |       |    18 |    12 ||    30
   Stab: Distracted        |       |       |       |       |     1 ||     1
 Armour: Scale mail        |    42 |    42 |     1 |       |       ||    85
         Chain mail        |       |       |   193 |   390 |   208 ||   791
  Dodge: Dodged            |    37 |    83 |    96 |   262 |   216 ||   694
  Block: Buckler           |    28 |    27 |       |       |       ||    55
         Tower shield      |       |    11 |   267 |   806 |   601 ||  1685
